 Dungeon Crawl Stone Soup version 0.19-a0-860-g5c370dd (webtiles) character file.

37 GlaceonGamingDJ the Ducker (level 3, 0/27 HPs)
             Began as a Demonspawn Gladiator on July 2, 2016.
             Was an Initiate of Trog.
             Killed by nerve-wracking pain
             ... invoked by Menkaure
              (5 damage)
             ... on level 4 of the Dungeon.
             The game lasted 00:07:23 (728 turns).

GlaceonGamingDJ the Ducker (Demonspawn Gladiator)    Turns: 728, Time: 00:07:24

Health: 0/27       AC:  4    Str: 15    XL:     3   Next: 21%
Magic:  3/3        EV: 13    Int: 10    God:    Trog [......]
Gold:   0          SH:  0    Dex: 13    Spells: 0 memorised, 2 levels left

rFire  . . .     SeeInvis .     a - +0 long sword
rCold  + . .     Gourm    .     b - +0 leather armour
rNeg   . . .     Faith    .     (no shield)
rPois  .         Spirit   .     c - +0 helmet
rElec  +         Dismiss  .     (no cloak)
rCorr  .         Reflect  .     (no gloves)
SustAt .         Harm     .     (no boots)
MR     .....                    (no amulet)
Stlth  +.........               (no ring)
                                (no ring)

@: not resistant to hostile enchantments, very unstealthy
A: hooves 1, cold resistance 1, electricity resistance, spiny 1
a: Burn Spellbooks, Renounce Religion


You were on level 4 of the Dungeon.
You worshipped Trog.
Trog was noncommittal.
You were not hungry.

You visited 1 branch of the dungeon, and saw 4 of its levels.

Inventory:

Hand Weapons
 a - a +0 long sword (weapon)
Missiles
 d - 3 throwing nets (quivered)
Armour
 b - a +0 leather armour (worn)
 c - a +0 helmet (worn)
Scrolls
 e - a scroll of random uselessness
 g - a scroll of blinking {unknown}
Comestibles
 f - 2 bread rations


   Skills:
 + Level 2.2 Fighting
 + Level 3.1 Long Blades
 + Level 2.0 Throwing
 + Level 3.2 Dodging


You had 2 spell levels left.
You didn't know any spells.

Dungeon Overview and Level Annotations

Branches:
Dungeon (4/15)
 Temple: D:4-7

Altars:
Okawaru
Qazlal
Trog
Zin

Annotations:
D:4 Menkaure


Innate Abilities, Weirdness & Mutations

Your flesh is cold resistant. (rC+)
You are partially covered in sharp spines.
You have large cloven feet.
You are resistant to electric shocks. (rElec)


Message History

You riposte.
You hit the jackal but do no damage. Your kick misses the jackal.
The jackal is heavily wounded.
The orc priest calls upon Beogh to heal something.
The jackal is struck by your spines.
The jackal bites you but does no damage.
Menkaure calls on the powers of darkness!
Your body is wracked with pain!
* * * LOW HITPOINT WARNING * * *
Menkaure is no longer moving quickly.
The jackal is struck by your spines. The jackal closely misses you.
You riposte.
You hit the jackal.
You kill the jackal!
Trog accepts your kill.
Menkaure gestures wildly while chanting.
Menkaure seems to speed up.
Menkaure calls on the powers of darkness!
The orc convulses!
Your body is wracked with pain!
* * * LOW HITPOINT WARNING * * *
Menkaure gestures at you while chanting.
Pain shoots through your body!
You die...

## ........##.
#.......##o
#.......##.
#.######
#.......##o
#....@.#
#.......##M
######.#
+.......##†
#.#####.......##o
#.M.M............
###########.#####
#.# #.. ####


You could see Menkaure.

Vanquished Creatures
  An adder (D:3)
  An ooze (D:1)
  A giant gecko (D:1)
  A giant cockroach (D:1)
  3 goblins (D:1)
  3 hobgoblins
  2 jackals (D:4)
  A kobold (D:1)
  2 ball pythons
  2 bats
  3 giant newts
  3 rats (D:1)
  A plant (D:1)
  5 toadstools (D:1)
29 creatures vanquished.

Notes
Turn   | Place    | Note
-------+----------+-------------------------------------------
     0 | D:1      | GlaceonGamingDJ the Demonspawn Gladiator began the quest for the Orb.
     0 | D:1      | Reached XP level 1. HP: 16/16 MP: 1/1
   173 | D:1      | Gained mutation: You are partially covered in sharp spines. [demonic ancestry]
   173 | D:1      | Reached XP level 2. HP: 19/22 MP: 2/2
   423 | D:2      | You fall through a shaft!
   423 | D:3      | Found a bloodstained altar of Trog.
   423 | D:3      | Found an iron altar of Okawaru.
   435 | D:3      | Gained mutation: You have large cloven feet. [potion of mutation]
   435 | D:3      | Gained mutation: You are resistant to electric shocks. (rElec) [potion of mutation]
   453 | D:3      | Became a worshipper of Trog the Wrathful
   474 | D:3      | Found a stormy altar of Qazlal.
   582 | D:3      | Found a glowing silver altar of Zin.
   593 | D:3      | Gained mutation: Your flesh is cold resistant. (rC+) [demonic ancestry]
   593 | D:3      | Reached XP level 3. HP: 20/27 MP: 3/3
   687 | D:4      | Noticed Menkaure
   728 | D:4      | Killed from afar by Menkaure

Vault maps used:
D:1:      ldierk_walled_garden, minmay_pentomino_r4
D:2:      cheibriados_altar_1, fedhas_altar_1, uniq_sigmund
D:3:      old_standard_altar, grunt_qazlal_sundering,
          grunt_temple_overflow_open, first_bread, uniq_iyjb
D:4:      portal_sewer_entry_e, uniq_menkaure, uniq_crazy_yiuf_cottage

Skill      XL: |  1  2 |
---------------+-------+-----
Throwing       | 2 |  2.0
Long Blades    | 3 |  3.1
Dodging        | 3 |  3.2
Fighting       | |  2.2

Action                   || total
-------------------------++-------
Melee: Long sword        ||    98
       Kick              ||     7
  Use: Potion            ||     4
       Scroll            ||     2
Armor: Leather armour    ||    14
Dodge: Dodged            ||    36
